Map: Dasan Station LE

Players

Sovereign

  • Race: Zerg Zerg
  • League: Platinum
  • Spawn Location: 6:00

Fropez - Winner!

  • Race: Protoss Protoss
  • League: Gold
  • Spawn Location: 12:00

VOD

Have the link to the VOD?

Description

Time

  • Played on: Nov. 17, 2016, 5:37 p.m.
  • Length: 23:35
Show
View Real Time Build Order
Export as new Build Order

Sovereign Zerg 

Build Orders: Pool First, Lurkers, Swarm Host 

Get SALT Encoding   

  12  0:02  Drone  
  13  0:11  Extractor  
  12  0:14  Drone  
  12  0:19  Drone  
  14  0:33  Spawning Pool  
  13  0:40  Drone  
  14  0:48  Overlord  
  14  1:20  Hatchery  
  13  1:26  Metabolic Boost  
  13  1:31  Zergling x2  
  14  1:42  Zergling x4  
  16  1:57  Queen  
  18  2:10  Overlord  
  18  2:20  Drone x2  
  20  2:42  Zergling x4  
  22  2:46  Queen  
  22  2:47  Drone  
  22  2:48  Drone  
  26  2:54  Evolution Chamber  
  26  2:55  Drone x2  
  26  2:57  Evolution Chamber  
  26  2:58  Drone  
  26  3:05  Drone  
  26  3:30  Drone  
  26  3:31  Drone x2  
  29  3:34  Spine Crawler  
  29  3:36  Spine Crawler  
  27  3:42  Drone  
  28  3:50  Extractor  
  24  4:15  Drone x3  
  24  4:16  Drone x3  
  30  4:19  Lair  
  30  4:25  Drone x6  
  36  4:35  Hatchery  
  35  4:41  Spine Crawler  
  35  4:44  Zerg Melee Weapons Level 1  
  34  4:47  Drone  
  35  4:52  Spore Crawler  
  35  4:55  Drone x2  
  35  4:59  Extractor  
  35  5:00  Extractor, Queen  
  35  5:04  Spore Crawler  
  35  5:09  Drone x2, Spore Crawler  
  35  5:11  Overlord  
  36  5:17  Zerg Ground Armor Level 1  
  36  5:27  Spine Crawler  
  35  5:30  Spine Crawler  
  34  5:41  Hydralisk Den  
  34  5:42  Drone x4  
  37  5:53  Baneling Nest  
  36  5:57  Spore Crawler  
  36  6:00  Queen  
  36  6:03  Drone x2  
  39  6:05  Queen  
  41  6:11  Hydralisk  
  41  6:12  Hydralisk  
  45  6:25  Hydralisk x2  
  45  6:27  Overlord  
  49  6:34  Overlord  
  49  6:52  Hydralisk x3, Spine Crawler  
  54  6:58  Drone x3  
  57  7:03  Drone  
  57  7:04  Drone x5  
  63  7:16  Hydralisk  
  65  7:34  Lurker Den  
  65  7:37  Drone  
  65  7:39  Overlord x2  
  66  7:47  Zerg Missile Weapons Level 1  
  66  7:51  Zerg Ground Armor Level 2  
  67  7:58  Drone x2  
  67  7:59  Drone  
  67  8:04  Spine Crawler  
  67  8:05  Drone  
  69  8:06  Spore Crawler, Drone x2  
  70  8:16  Hydralisk x2  
  70  8:17  Hydralisk x3  
  80  8:23  Overlord x2  
  80  8:30  Spore Crawler  
  79  8:43  Zergling x2  
  79  8:44  Zergling x16  
  88  8:55  Extractor, Drone  
  87  8:56  Drone x2  
  87  8:57  Drone  
  87  8:58  Extractor, Drone x6  
  93  9:25  Lurker x5  
  98  9:34  Spine Crawler x2  
  98  9:35  Hydralisk  
  90  10:30  Overlord x2  
  90  10:48  Spore Crawler  
  83  11:27  Hydralisk x5  
  83  11:28  Hydralisk x5  
  103  11:41  Centrifical Hooks  
  103  11:42  Infestation Pit  
  102  11:47  Hatchery  
  102  11:49  Spine Crawler  
  102  11:50  Overlord x2  
  102  11:52  Zergling x2, Spine Crawler  
  102  11:53  Zergling x12  
  106  11:56  Zerg Melee Weapons Level 2, Zerg Missile Weapons Level 2  
  106  12:15  Baneling x3  
  106  12:16  Baneling x8  
  106  12:17  Baneling x3  
  100  12:43  Zergling x6  
  100  12:44  Zergling x10  
  108  12:52  Hydralisk x6  
  108  12:53  Hydralisk  
  122  13:01  Hive  
  122  13:05  Overlord x3  
  122  13:16  Hatchery  
  121  13:25  Swarm Host  
  121  13:26  Swarm Host x5  
  137  13:54  Baneling x6  
  132  14:09  Hydralisk x2  
  132  14:10  Hydralisk x4  
  133  14:48  Zergling x2  
  133  14:49  Zergling x8  
  138  14:57  Hydralisk x4  
  138  14:58  Hydralisk  
  138  16:08  Hatchery  
  137  16:15  Hatchery  
  137  16:18  Drone x3  
  135  16:47  Spire  
  134  16:55  Hydralisk x5  
  144  17:03  Hatchery  
  63  17:38  Hydralisk x6  
  63  17:41  Queen  
  75  18:02  Hydralisk x6  
  87  18:08  Lurker x5  
  75  18:15  Drone  
  75  18:16  Drone x2  
  68  18:37  Zergling x22  
  68  18:38  Zergling x4  
  70  18:56  Hydralisk x4  
  58  19:08  Lurker x6  
  55  19:13  Spine Crawler x2  
  52  19:19  Hydralisk x4  
  36  20:10  Greater Spire  
  37  20:14  Drone x3  
  39  20:25  Spawning Pool  
  38  20:29  Drone  
  38  20:30  Drone x2  
  41  20:39  Drone  
  41  20:40  Drone  
  43  21:06  Corruptor x5  
  53  21:16  Drone x3  
  56  21:21  Spore Crawler  
  55  21:25  Spore Crawler  
  54  21:41  Brood Lord  
  47  21:50  Brood Lord  
  29  23:04  Corruptor  
Show
View Real Time Build Order
Export as new Build Order

Fropez Protoss - Winner!

Build Orders:  

Get SALT Encoding   

  12  0:01  Probe (Chrono Boost)  
  13  0:12  Probe (Chrono Boost)  
  14  0:18  Pylon  
  14  0:22  Probe (Chrono Boost)  
  15  0:36  Probe (Chrono Boost)  
  15  0:38  Assimilator  
  16  0:45  Gateway  
  16  0:47  Probe (Chrono Boost)  
  17  1:01  Gateway  
  18  1:04  Probe (Chrono Boost)  
  18  1:16  Probe (Chrono Boost)  
  19  1:20  Assimilator  
  19  1:22  Pylon  
  19  1:27  Probe (Chrono Boost)  
  20  1:35  Cybernetics Core  
  20  1:39  Probe (Chrono Boost)  
  21  1:48  Zealot  
  21  1:51  Zealot  
  25  2:06  Probe (Chrono Boost)  
  25  2:21  Mothership Core (Chrono Boost)  
  27  2:44  Nexus  
  27  2:47  Pylon  
  27  2:53  Probe (Chrono Boost)  
  27  2:57  Adept  
  30  3:03  Warp Gate (Chrono Boost)  
  30  3:04  Probe (Chrono Boost)  
  30  3:05  Adept  
  33  3:15  Probe (Chrono Boost)  
  31  3:28  Probe (Chrono Boost)  
  31  3:30  Adept  
  34  3:38  Probe (Chrono Boost)  
  34  3:41  Adept  
  35  3:57  Gateway x2  
  35  4:01  Adept  
  37  4:10  Probe  
  37  4:12  Probe  
  39  4:24  Probe  
  40  4:29  Gateway  
  40  4:37  Probe  
  40  4:38  Pylon, Probe  
  42  4:53  Probe  
  42  4:57  Nexus  
  43  5:10  Pylon  
  43  5:11  Probe  
  43  5:12  Probe  
  45  5:29  Forge  
  45  5:32  Twilight Council  
  45  5:34  Gateway  
  45  5:37  Pylon  
  45  5:38  Assimilator  
  45  5:40  Probe, Assimilator  
  45  5:41  Probe  
  47  5:43  Pylon  
  47  5:53  Adept x4  
  47  5:54  Adept, Probe  
  58  6:10  Probe x2  
  58  6:11  Probe  
  59  6:18  Zealot x5  
  71  6:29  Probe x2  
  71  6:31  Probe  
  74  6:34  Protoss Ground Weapons Level 1 (Chrono Boost)  
  74  6:35  Charge (Chrono Boost)  
  74  6:41  Assimilator  
  74  6:43  Assimilator  
  74  6:50  Gateway  
  74  6:51  Photon Cannon  
  74  6:54  Gateway  
  74  6:55  Pylon  
  74  7:03  Pylon, Probe, Gateway  
  74  7:05  Photon Cannon  
  74  7:06  Probe x2  
  77  7:11  Photon Cannon  
  77  7:12  Zealot x2  
  81  7:18  Probe x2  
  81  7:20  Probe  
  84  7:29  Probe x2  
  84  7:32  Probe  
  87  7:40  Robotics Facility  
  87  7:41  Probe x2  
  87  7:42  Robotics Facility  
  87  7:43  Pylon  
  89  8:02  Pylon  
  89  8:04  Pylon  
  89  8:08  Pylon  
  89  8:20  Stalker x3  
  89  8:21  Stalker x2  
  89  8:26  Pylon  
  99  8:29  Pylon  
  99  8:30  Photon Cannon  
  99  8:32  Photon Cannon  
  99  8:34  Photon Cannon  
  99  8:39  Immortal x2  
  107  8:46  Gateway  
  107  8:48  Probe  
  107  8:49  Probe  
  107  8:50  Probe, Gateway  
  107  8:51  Pylon  
  110  8:58  Templar Archives  
  110  9:14  Nexus  
  110  9:16  Assimilator  
  102  9:20  Assimilator, Stalker x4  
  102  9:21  Stalker x4  
  102  9:22  Pylon  
  102  9:23  Pylon  
  112  9:50  Zealot x2  
  112  9:51  Zealot x4  
  112  9:52  Zealot x3  
  116  10:21  Stalker x3  
  116  10:22  Stalker x5  
  132  10:33  Observer x2  
  134  10:39  Protoss Ground Weapons Level 2 (Chrono Boost)  
  134  11:07  Zealot x3  
  134  11:08  Zealot x6  
  152  11:30  High Templar x5  
  152  11:31  High Templar x2  
  166  11:34  Archon x2  
  166  11:35  Archon  
  166  11:36  Probe x2  
  166  11:37  Probe x2  
  170  11:54  Zealot x2  
  170  11:58  High Templar  
  176  12:04  Nexus  
  176  12:06  Assimilator  
  176  12:10  Assimilator  
  176  12:13  Pylon  
  169  12:36  Observer x2  
  167  12:54  Zealot x5  
  177  13:00  Nexus  
  177  13:03  Assimilator  
  177  13:08  Assimilator  
  177  13:12  Pylon  
  177  13:14  Pylon  
  177  13:19  Pylon  
  177  13:24  Pylon  
  177  13:28  Zealot x4  
  177  13:29  Zealot x4  
  159  14:36  Zealot x6  
  159  14:37  Zealot x5  
  159  14:38  Probe x2  
  168  14:39  Probe x2  
  172  14:49  Nexus  
  172  14:51  Probe  
  172  14:52  Pylon  
  172  15:07  High Templar x5  
  172  15:08  High Templar x4  
  172  15:09  High Templar  
  188  15:17  Zealot  
  173  15:43  Probe x2  
  173  15:44  Probe  
  173  15:45  Probe  
  171  15:51  Observer x2  
  171  15:53  Probe  
  171  15:54  Probe  
  171  15:56  Probe  
  171  15:57  Probe  
  176  16:02  Pylon  
  176  16:04  Probe  
  176  16:05  Pylon  
  176  16:06  Photon Cannon  
  176  16:11  Pylon, Photon Cannon  
  153  16:33  High Templar x6  
  153  16:34  High Templar x3  
  153  16:38  Probe  
  172  16:41  Probe x2  
  174  16:54  Psionic Storm  
  172  17:16  Archon x3  
  172  17:17  Archon x5  
  172  17:18  Archon x2  
  163  17:26  Twilight Council  
  143  17:37  Probe x3  
  137  17:38  Probe  
  137  17:39  Probe  
  142  17:47  Probe x2  
  142  17:48  Probe  
  142  17:50  Probe  
  134  18:08  High Templar x2  
  134  18:09  High Templar x6  
  134  18:10  High Templar  
  152  18:12  Archon x2  
  152  18:13  Archon x2  
  134  18:36  Protoss Ground Armor Level 1  
  120  18:55  Immortal x2  
  100  19:40  High Templar x2  
  100  19:41  High Templar x5  
  100  19:42  High Templar x4  
  100  19:43  Probe x2  
  100  19:44  Probe  
  100  19:45  Probe  
  114  19:46  Archon x2  
  114  19:47  Archon x3  
  102  19:56  Probe  
  102  19:57  Probe  
  102  19:58  Probe  
  102  19:59  Probe  
  94  20:16  Protoss Shields Level 1  
  94  20:18  Nexus  
  94  20:19  Probe  
  94  20:21  Probe, Assimilator  
  96  20:26  Assimilator  
  96  20:29  Nexus  
  96  20:53  Observer x2  
  98  21:01  Zealot x5  
  98  21:02  Zealot x3  
  114  21:22  Robotics Bay, Probe  
  114  21:23  Probe  
  114  21:24  Probe x2  
  118  21:25  Dark Shrine  
  118  22:02  Zealot  
  118  22:03  Zealot x5  
  118  22:04  Zealot x5  
  140  22:10  Probe x2  
  140  22:11  Probe x2  
  140  22:12  Probe x2  
  134  22:16  Gravitic Drive  
  132  22:24  Gateway  
  124  22:52  Stalker x6  
  124  22:53  Stalker x2  
  124  22:54  Stalker  
  138  23:05  Probe x2  
  138  23:07  Probe, Assimilator  
  138  23:11  Assimilator  
Tags
 
Add a new tag
Caveats
  • Supply blocks, unpowered buildings, or Contaminate may cause inaccurate times.
  • Supply counts are checked every 10 seconds.